 Dungeon Crawl Stone Soup version 0.29.1-1-gd02db6906a (webtiles) character file.

Game seed: 2426936420528982568

799 MrElixer the Cudgeller (level 7, 0/63 HPs)
             Began as a Minotaur Berserker on Oct 7, 2022.
             Was a Priest of Trog.
             Succumbed to a hornet's poison
             ... on level 5 of the Dungeon.
             The game lasted 00:12:50 (3692 turns).

MrElixer the Cudgeller (Minotaur Berserker)         Turns: 3692, Time: 00:12:50

Health: 0/63       AC: 10    Str: 21    XL:     7   Next: 59%
Magic:  6/6        EV: 11    Int:  4    God:    Trog [***...]
Gold:   150        SH:  0    Dex: 12    Spells: 6/6 levels left

rFire   . . .      SeeInvis .   t - +0 flail
rCold   . . .      Faith    .   (no shield)
rNeg    . . .      Spirit   .   e - +0 scale mail
rPois   .          Reflect  .   (helmet restricted)
rElec   .          Harm     .   (no cloak)
rCorr   .          Rampage  .   m - +2 pair of gloves
Will    .....                   (no boots)
Stlth   ..........              (no amulet)
HPRegen 0.20/turn               (no ring)
MPRegen 0.10/turn               (no ring)

@: lethally poisoned (0 -> -1), on berserk cooldown, slowed, invisible, very
slow
A: horns 2, retaliatory headbutt
a: Renounce Religion, Berserk, Trog's Hand


You were on level 5 of the Dungeon.
You worshipped Trog.
Trog was most pleased with you.
You visited 1 branch of the dungeon, and saw 5 of its levels.

You collected 150 gold pieces.

Inventory:

Hand Weapons
 a - a +0 mace
 j - a +0 sling
 t - a +0 flail (weapon)
 u - a +0 shortbow
Missiles
 d - 4 boomerangs (quivered)
 q - 3 javelins
Armour
 b - a +0 animal skin
 c - a +1 leather armour
 e - a +0 scale mail (worn)
 m - a +2 pair of gloves (worn)
Scrolls
 f - 6 scrolls of identify
 g - a scroll of amnesia
 k - 2 scrolls of teleportation
 l - a scroll of vulnerability {unknown}
 o - a scroll of noise {unknown}
 p - a scroll of enchant weapon {unknown}
 r - a scroll of silence {unknown}
 s - a scroll of fog
Potions
 h - a potion of mutation {unknown}
 i - 3 potions of curing {unknown}
 n - a potion of invisibility


   Skills:
 + Level 6.2 Fighting
 + Level 6.2 Maces & Flails
 + Level 5.6 Armour
 + Level 5.0 Dodging


You had 6 spell levels left.
You didn't know any spells.
Your spell library contained the following spells:

 Spells                   Type           Power      Damage    Failure   Level
 Sandblast                Erth           0%         2d4       82%         1
 Passwall                 Tmut/Erth      0%         N/A       91%         2
 Stone Arrow              Conj/Erth      0%         3d7       99%         3


Dungeon Overview and Level Annotations

Branches:
Dungeon (5/15)
 Temple: D:4-7

Altars:
Kikubaaqudgha
Qazlal


Innate Abilities, Weirdness & Mutations

You have a pair of horns on your head.
You reflexively headbutt those who attack you in melee.


Message History

You feel yourself moving faster!
You feel mighty!
Your skin stops crawling.
You feel less strong-willed.
You feel very sick. The hornet barely misses you. The hornet stings you.
* * * LOW HITPOINT WARNING * * *
You feel yourself slow down.
You hit the hornet.
The hornet is severely wounded.
You feel sick.
The hornet stings you but does no damage.
You are too berserk!
You feel yourself speed up.
You feel sick. The hornet stings you.
* * * LOW HITPOINT WARNING * * *
You feel yourself slow down.
You bludgeon the hornet!!
You kill the hornet!
Trog accepts your kill.
You feel sick.
Your Fighting skill increases to level 6!
Your Maces & Flails skill increases to level 6!
Your Dodging skill increases to level 5!
You feel yourself speed up.
You feel sick.
The jelly jiggles.
You sock the jelly!
Your hands burn!
* * * LOW HITPOINT WARNING * * *
You headbutt the jelly!
You kill the jelly!
Trog accepts your kill.
* * * LOW HITPOINT WARNING * * *
You feel sick.
You now have 150 gold pieces (gained 12).
You are no longer berserk.
You are exhausted.
You feel yourself slow down.
* * * LOW HITPOINT WARNING * * *
You feel sick.
You fade into invisibility!
You die...

###....##.# #......##?#
#. #.##...##.### #..
#####.#.........##...
####..........#.........
..............##.....#..
..............##........
........................
..###...........@.......
.####...........†.......
........................
........###.##..........
............###.........
...<##.####.. ..........
...##### .####.##......
..# ... #..... .. ...
....#


There were no monsters in sight!

Vanquished Creatures
  A hornet (D:5)
  A centaur (D:5)
  A bullfrog (D:4)
  A scorpion (D:4)
  A vampire bat (D:3)
  A jelly (D:5)
  2 orc priests (D:4)
  A hound (D:4)
  Natasha (thrice) (D:3)
  3 adders
  2 worms
  A dart slug (D:2)
  3 fire bats (D:3)
  6 orcs
  2 spectral bats (D:3)
  5 ball pythons
  11 bats
  3 bat skeletons (D:3)
  A bat zombie (D:3)
  5 endoplasms
  A giant cockroach (D:4)
  5 goblins
  9 hobgoblins
  2 jackals (D:1)
  6 quokkas
  A bat simulacrum (D:3)
  6 frilled lizards
  5 kobolds
  5 rats
94 creatures vanquished.

Vanquished Creatures (others)
  A plant (D:2)
1 creature vanquished.

Grand Total: 95 creatures vanquished

Notes
Turn   | Place    | Note
-------+----------+-------------------------------------------
     0 | D:1      | MrElixer the Minotaur Berserker began the quest for the
                  | Orb.
     0 | D:1      | Reached XP level 1. HP: 19/19 MP: 0/0
     2 | D:1      | Noticed an elf
     2 | D:1      | Noticed a vampire
     4 | D:1      | Noticed a gargoyle
     4 | D:1      | Noticed a draconian
     6 | D:1      | Noticed a tengu
     8 | D:1      | Noticed an ogre
     8 | D:1      | Noticed a merfolk
    10 | D:1      | Noticed a troll
    10 | D:1      | Noticed a demigod
    12 | D:1      | Noticed a human
    14 | D:1      | Noticed a felid
    14 | D:1      | Noticed a vine stalker
    16 | D:1      | Noticed an octopode
    16 | D:1      | Noticed a palentonga
    18 | D:1      | Noticed a naga
    20 | D:1      | Noticed a formicid
    20 | D:1      | Noticed a demonspawn
    22 | D:1      | Noticed a meteoran
    22 | D:1      | Noticed a minotaur
    24 | D:1      | Noticed a ghoul
    24 | D:1      | Noticed a troll
    26 | D:1      | Noticed a demonspawn
    26 | D:1      | Noticed a demonspawn
   396 | D:1      | Reached XP level 2. HP: 17/27 MP: 1/1
  1068 | D:1      | Reached XP level 3. HP: 32/33 MP: 2/2
  1637 | D:2      | Reached ** piety under Trog
  2376 | D:3      | Reached XP level 4. HP: 37/40 MP: 3/3
  2432 | D:3      | Found a faded altar of an unknown god.
  2554 | D:3      | Noticed Natasha
  2559 | D:3      | Killed Natasha
  2688 | D:3      | Noticed Natasha
  2694 | D:3      | Killed Natasha
  2697 | D:3      | Noticed Natasha
  2700 | D:3      | Killed Natasha
  2701 | D:3      | Reached XP level 5. HP: 40/47 MP: 4/4
  2856 | D:3      | Reached skill level 5 in Maces & Flails
  2894 | D:3      | Reached skill level 5 in Fighting
  2939 | D:3      | Reached XP level 6. HP: 55/56 MP: 5/5
  3003 | D:4      | Reached *** piety under Trog
  3412 | D:4      | Found an ancient bone altar of Kikubaaqudgha.
  3413 | D:4      | Found a stormy altar of Qazlal.
  3502 | D:4      | Reached skill level 5 in Armour
  3650 | D:5      | Entered Level 5 of the Dungeon
  3675 | D:5      | Reached XP level 7. HP: 32/62 MP: 6/6
  3678 | D:5      | Noticed a hornet
  3681 | D:5      | Paralysed by a hornet for 1 turns
  3687 | D:5      | Killed a hornet
  3688 | D:5      | Reached skill level 5 in Dodging
  3689 | D:5      | HP: 3/94 [acid (3)]
  3691 | D:5      | HP: 1/63 [poisoned by a hornet]
  3692 | D:5      | Succumbed to a hornet's poison

Illustrated notes

Levels and vault maps discovered:
D:1:      kb_arrival_jail, layout_rooms
D:2:      layout_basic, serial_forest, infiniplex_forest_end_3,
          infiniplex_forest_end_double, infiniplex_forest_lined_room_2,
          infiniplex_forest_clump_small, infiniplex_forest_straight_2,
          infiniplex_forest_straight_2, infiniplex_forest_clump_small,
          infiniplex_forest_clump_double
D:3:      layout_rooms, hellmonk_ecumenical_altar_defaced_shrine,
          goddamned_bats, uniq_natasha
D:4:      layout_cave_pools, nicolae_overflow_squiral
D:5:      layout_layer_cave, minmay_misc_feat_plants, roderic_batcave,
          uniq_grinder, uniq_blork_the_orc

Skill      XL: |  1  2  3  4  5  6  7 |
---------------+----------------------+-----
Maces & Flails | 4 5 6 |  6.2
Fighting       | 4 5 6 |  6.2
Armour         | 3 4 5 |  5.6
Dodging        | 3 4 5 |  5.0

Action                   |  1- 3 |  4- 6 |  7- 9 || total
-------------------------+-------+-------+-------++-------
Melee: Mace              |    89 |    96 |       ||   185
       Headbutt          |     9 |    13 |     1 ||    23
       Flail             |       |       |     6 ||     6
Invok: Berserk           |     1 |     1 |     1 ||     3
       Trog's Hand       |       |     1 |       ||     1
  Use: Scroll            |     7 |       |       ||     7
       Potion            |     2 |       |     1 ||     3
Armor: Animal skin       |     3 |       |       ||     3
       Scale mail        |    20 |    72 |     2 ||    94
Dodge: Dodged            |    52 |   120 |     3 ||   175
